MLB
BALTIMORE ORIOLES @ NEW YORK YANKEES
09/06/2046
 
TOP OF THE 1ST
Baltimore Orioles batting - Pitching for New York Yankees : RHP Jason Greene
Pitching: RHP Jason Greene
Batting: LHB Jesus Lozano 0-0: Called Strike
0-1: Foul Ball, location: 2F
0-2: Strikes out looking
Batting: RHB Jesse Basich 0-0: Foul Ball, location: 2F
0-1: Foul Ball, location: 2F
0-2: Ball
1-2: Ball
2-2: Ball
3-2: SOLO HOME RUN (Flyball, 7LD, EV 94.4 MPH), Distance : 329 ft
Batting: RHB Rudo Garciaparra 0-0: Ball
1-0: Ball
2-0: Ball
3-0: Called Strike
3-1: Base on Balls
Batting: LHB Ernesto Cedillos 0-0: Called Strike
Rudo Garciaparra steals 2nd base
0-1: Ball
1-1: Ball
2-1: Foul Ball, location: 2F
2-2: Strikes out looking
Batting: RHB Saimei Kudo 0-0: Fly out, F9 (Flyball, 9LSF, EV 84.4 MPH)
Top of the 1st over - 1 run, 1 hit, 0 errors, 1 left on base; Baltimore 1 - New York 0
BOTTOM OF THE 1ST
New York Yankees batting - Pitching for Baltimore Orioles : LHP Aldo Questi
Pitching: LHP Aldo Questi
Batting: LHB Jordan de Jesus 0-0: Ball
1-0: Ball
2-0: Swinging Strike
2-1: Foul Ball, location: 2F
2-2: Strikes out swinging
Batting: LHB Jason Peck 0-0: Ground out U3 (Groundball, 34S, EV 76.2 MPH)
Batting: SHB Bartholomeu Chambino 0-0: Swinging Strike
0-1: Foul Ball, location: 2F
0-2: Ball
1-2: Ball
2-2: Ball
3-2: Base on Balls
Batting: LHB Evan Torraville 0-0: Ball
1-0: Foul Ball, location: 2F
1-1: Foul Ball, location: 2F
1-2: Strikes out swinging, 2-3 out at first.
Bottom of the 1st over - 0 runs, 0 hits, 0 errors, 1 left on base; Baltimore 1 - New York 0
TOP OF THE 2ND
Baltimore Orioles batting - Pitching for New York Yankees : RHP Jason Greene
Batting: LHB Ben Goldstein 0-0: Ball
1-0: Ball
2-0: Called Strike
2-1: SINGLE (Groundball, 34D, EV 103.1 MPH)
Batting: SHB Robert Handy 0-0: Fly out, F8 (Line Drive, 8LD, EV 93.8 MPH)
Batting: LHB Bob Melley 0-0: Ball
Wild Pitch!
Ben Goldstein to second
1-0: Ball
2-0: Foul Ball, location: 2F
2-1: Ground out 5-3 (Groundball, 6, EV 81.2 MPH)
Batting: LHB Paul Diaz 0-0: Ball
1-0: SINGLE (Groundball, 34D, EV 99.4 MPH) (infield hit)
Ben Goldstein to third
Batting: LHB Jesus Lozano 0-0: Ball
1-0: Called Strike
1-1: Ball
2-1: Swinging Strike
2-2: Foul Ball, location: 2F
2-2: Strikes out swinging
Top of the 2nd over - 0 runs, 2 hits, 0 errors, 2 left on base; Baltimore 1 - New York 0
BOTTOM OF THE 2ND
New York Yankees batting - Pitching for Baltimore Orioles : LHP Aldo Questi
Batting: RHB Adriaan Pieters 0-0: Foul Ball, location: 2F
0-1: Ball
1-1: Fly out, F2 (Popup, 5SF, EV 75.0 MPH)
Batting: RHB James Boynton 0-0: Ball
1-0: Swinging Strike
1-1: Foul Ball, location: 2F
1-2: Strikes out swinging
Batting: LHB David Bramble 0-0: Ball
1-0: Fly out, F7 (Flyball, 7LM, EV 86.9 MPH)
Bottom of the 2nd over - 0 runs, 0 hits, 0 errors, 0 left on base; Baltimore 1 - New York 0
TOP OF THE 3RD
Baltimore Orioles batting - Pitching for New York Yankees : RHP Jason Greene
Batting: RHB Jesse Basich 0-0: Ball
1-0: Ground out 5-3 (Groundball, 56, EV 103.1 MPH)
Batting: RHB Rudo Garciaparra 0-0: Ball
1-0: Ball
2-0: Ball
3-0: Called Strike
3-1: Called Strike
3-2: Foul Ball, location: 2F
3-2: Ground out 6-3 (Groundball, 6S, EV 85.0 MPH)
Batting: LHB Ernesto Cedillos 0-0: Swinging Strike
0-1: Ball
1-1: Ball
2-1: Swinging Strike
2-2: Strikes out swinging
Top of the 3rd over - 0 runs, 0 hits, 0 errors, 0 left on base; Baltimore 1 - New York 0
BOTTOM OF THE 3RD
New York Yankees batting - Pitching for Baltimore Orioles : LHP Aldo Questi
Batting: LHB Kazuyoshi Nakamura 0-0: Ball
1-0: Called Strike
1-1: Ball
2-1: Foul Ball, location: 2F
2-2: SOLO HOME RUN (Line Drive, 9D, EV 99.4 MPH), Distance : 388 ft
Batting: RHB Mike Gifford 0-0: Ball
1-0: Fly out, F8 (Flyball, 8LD, EV 106.2 MPH)
Batting: LHB Jordan de Jesus 0-0: Foul Ball, location: 2F
0-1: Swinging Strike
0-2: Strikes out swinging
Batting: LHB Jason Peck 0-0: Swinging Strike
0-1: Ball
1-1: Called Strike
1-2: Ball
2-2: Ball
3-2: Foul Ball, location: 2F
3-2: Foul Ball, location: 2F
3-2: Base on Balls
Batting: SHB Bartholomeu Chambino 0-0: Ball
1-0: Ball
2-0: Called Strike
2-1: Foul Ball, location: 2F
2-2: Foul Ball, location: 2F
2-2: Ball
3-2: Foul Ball, location: 2F
3-2: Base on Balls
Jason Peck to second
Batting: LHB Evan Torraville 0-0: Fly out, F8 (Line Drive, 78M, EV 97.5 MPH)
Bottom of the 3rd over - 1 run, 1 hit, 0 errors, 2 left on base; Baltimore 1 - New York 1
TOP OF THE 4TH
Baltimore Orioles batting - Pitching for New York Yankees : RHP Jason Greene
Batting: RHB Saimei Kudo 0-0: Called Strike
0-1: Ball
1-1: Foul Ball, location: 2F
1-2: Foul Ball, location: 2F
1-2: Strikes out swinging
Batting: LHB Ben Goldstein 0-0: Called Strike
0-1: Ball
1-1: DOUBLE (Line Drive, 7LD, EV 102.5 MPH)
Batting: SHB Robert Handy 0-0: Ball
1-0: Foul Ball, location: 2F
1-1: Ground out 6-3 (Groundball, 4M, EV 86.9 MPH)
Ben Goldstein to third
Batting: LHB Bob Melley 0-0: Called Strike
0-1: Ball
1-1: Foul Ball, location: 2F
1-2: Ball
2-2: Strikes out swinging
Top of the 4th over - 0 runs, 1 hit, 0 errors, 1 left on base; Baltimore 1 - New York 1
BOTTOM OF THE 4TH
New York Yankees batting - Pitching for Baltimore Orioles : LHP Aldo Questi
Batting: RHB Adriaan Pieters 0-0: Swinging Strike
0-1: Ball
1-1: Ball
2-1: DOUBLE (Line Drive, 7LS, EV 95.0 MPH)
Batting: RHB James Boynton 0-0: Ball
1-0: Ball
2-0: Swinging Strike
2-1: Ball
3-1: Base on Balls
Batting: LHB David Bramble 0-0: Called Strike
0-1: Swinging Strike
0-2: Ball
1-2: Ball
2-2: Ball
3-2: Strikes out looking
Batting: LHB Kazuyoshi Nakamura 0-0: Ball
1-0: Grounds into double play, 6-4-3 (Groundball, 6, EV 82.5 MPH)
Bottom of the 4th over - 0 runs, 1 hit, 0 errors, 1 left on base; Baltimore 1 - New York 1
TOP OF THE 5TH
Baltimore Orioles batting - Pitching for New York Yankees : RHP Jason Greene
Batting: LHB Paul Diaz 0-0: Called Strike
0-1: Called Strike
0-2: Strikes out swinging
Batting: LHB Jesus Lozano 0-0: Ground out U3 (Groundball, 3, EV 84.4 MPH)
Batting: RHB Jesse Basich 0-0: Foul Ball, location: 2F
0-1: Swinging Strike
0-2: Foul Ball, location: 2F
0-2: SINGLE (Groundball, 25, EV 66.9 MPH) (infield hit)
Batting: RHB Rudo Garciaparra 0-0: Called Strike
0-1: Ball
1-1: Swinging Strike
1-2: Ground out 4-3 (Groundball, 4MS, EV 83.8 MPH)
Top of the 5th over - 0 runs, 1 hit, 0 errors, 1 left on base; Baltimore 1 - New York 1
BOTTOM OF THE 5TH
New York Yankees batting - Pitching for Baltimore Orioles : LHP Aldo Questi
Batting: RHB Mike Gifford 0-0: Called Strike
0-1: Ball
1-1: Foul Ball, location: 2F
1-2: Strikes out looking
Batting: LHB Jordan de Jesus 0-0: SINGLE (Groundball, 56D, EV 107.5 MPH)
Batting: LHB Jason Peck 0-0: Foul Ball, location: 2F
0-1: Foul Ball, location: 2F
0-2: Ball
1-2: Ball
2-2: Ball
3-2: Base on Balls
Jordan de Jesus to second
Batting: SHB Bartholomeu Chambino 0-0: Called Strike
0-1: Ball
1-1: Called Strike
1-2: Foul Ball, location: 2F
1-2: SINGLE (Flyball, 9LS, EV 95.6 MPH)
Jordan de Jesus to third
Jason Peck to second
Batting: LHB Evan Torraville 0-0: Called Strike
0-1: Swinging Strike
0-2: GRAND SLAM HOME RUN (Flyball, 9D, EV 95.0 MPH), Distance : 381 ft
Pitching: RHP Jay Rapini
Batting: RHB Adriaan Pieters 0-0: Ball
1-0: Foul Ball, location: 2F
1-1: Ball
2-1: Called Strike
2-2: Foul Ball, location: 2F
2-2: Strikes out swinging
Batting: RHB James Boynton 0-0: Called Strike
0-1: Ground out 6-3 (Groundball, 6M, EV 90.0 MPH)
Bottom of the 5th over - 4 runs, 3 hits, 0 errors, 0 left on base; Baltimore 1 - New York 5
TOP OF THE 6TH
Baltimore Orioles batting - Pitching for New York Yankees : RHP Jason Greene
Batting: LHB Ernesto Cedillos 0-0: Ball
1-0: Ground out U3 (Groundball, 13, EV 81.9 MPH)
Batting: RHB Saimei Kudo 0-0: Ball
1-0: Foul Ball, location: 2F
1-1: Called Strike
1-2: Ball
2-2: Fly out, F2 (Popup, 2LF, EV 84.4 MPH)
Batting: LHB Ben Goldstein 0-0: Called Strike
0-1: Ball
1-1: Foul Ball, location: 2F
1-2: Ball
2-2: SINGLE (Groundball, 4MD, EV 101.2 MPH)
Batting: SHB Robert Handy 0-0: Ball
1-0: Ball
2-0: Foul Ball, location: 2F
2-1: Called Strike
2-2: Fly out, F9 (Line Drive, 9S, EV 90.0 MPH)
Top of the 6th over - 0 runs, 1 hit, 0 errors, 1 left on base; Baltimore 1 - New York 5
BOTTOM OF THE 6TH
New York Yankees batting - Pitching for Baltimore Orioles : RHP Jay Rapini
Batting: LHB David Bramble 0-0: Ball
1-0: Ball
2-0: Called Strike
2-1: Ball
3-1: Ground out 4-3 (Groundball, 4, EV 80.6 MPH)
Batting: LHB Kazuyoshi Nakamura 0-0: Ball
1-0: Ball
2-0: Ball
3-0: Base on Balls
Batting: RHB Mike Gifford 0-0: Foul Ball, location: 2F
0-1: SINGLE (Line Drive, 6D, EV 94.4 MPH)
Kazuyoshi Nakamura to second
Batting: LHB Jordan de Jesus 0-0: Called Strike
0-1: Foul Ball, location: 2F
0-2: Ball
1-2: Ball
2-2: Fielders Choice at 2nd, 5-4 (Groundball, 56, EV 89.4 MPH)
Kazuyoshi Nakamura to third
Batting: LHB Jason Peck 0-0: Called Strike
Jordan de Jesus is caught stealing 2nd base 2-6
Bottom of the 6th over - 0 runs, 1 hit, 0 errors, 1 left on base; Baltimore 1 - New York 5
TOP OF THE 7TH
Baltimore Orioles batting - Pitching for New York Yankees : RHP Jason Greene
Batting: LHB Bob Melley 0-0: Ball
1-0: Ball
2-0: Ball
3-0: Base on Balls
Batting: LHB Paul Diaz 0-0: Ball
1-0: Called Strike
1-1: Foul Ball, location: 2F
1-2: Strikes out swinging
Pitching: RHP Chris McCoy
Batting: LHB Jesus Lozano 0-0: Ball
1-0: Ball
2-0: Called Strike
2-1: Foul Ball, location: 2F
2-2: Strikes out looking
Batting: RHB Jesse Basich 0-0: Ball
1-0: Fly out, F7 (Line Drive, 7LM, EV 88.8 MPH)
Top of the 7th over - 0 runs, 0 hits, 0 errors, 1 left on base; Baltimore 1 - New York 5
BOTTOM OF THE 7TH
New York Yankees batting - Pitching for Baltimore Orioles : RHP Jay Rapini
Batting: LHB Jason Peck 0-0: Ball
1-0: Ball
2-0: Foul Ball, location: 2F
2-1: Foul Ball, location: 2F
2-2: Ball
3-2: Strikes out looking
Batting: SHB Bartholomeu Chambino 0-0: Called Strike
0-1: Swinging Strike
0-2: Ball
1-2: Ball
2-2: Ball
3-2: Strikes out swinging
Batting: LHB Evan Torraville 0-0: Ball
1-0: Swinging Strike
1-1: Called Strike
1-2: Fly out, F9 (Flyball, 9, EV 88.8 MPH)
Bottom of the 7th over - 0 runs, 0 hits, 0 errors, 0 left on base; Baltimore 1 - New York 5
TOP OF THE 8TH
Baltimore Orioles batting - Pitching for New York Yankees : RHP Chris McCoy
Batting: RHB Rudo Garciaparra 0-0: Ball
1-0: Ground out 6-3 (Groundball, 6, EV 108.8 MPH)
Batting: LHB Ernesto Cedillos 0-0: Foul Ball, location: 2F
0-1: Hit by Pitch
Batting: RHB Saimei Kudo 0-0: Ball
1-0: Called Strike
1-1: Foul Ball, location: 2F
1-2: Foul Ball, location: 2F
1-2: Strikes out looking
Batting: LHB Ben Goldstein 0-0: Called Strike
0-1: Swinging Strike
0-2: Strikes out swinging
Top of the 8th over - 0 runs, 0 hits, 0 errors, 1 left on base; Baltimore 1 - New York 5
BOTTOM OF THE 8TH
New York Yankees batting - Pitching for Baltimore Orioles : RHP Jay Rapini
Pitching: LHP Mark Gehring
Batting: RHB Adriaan Pieters 0-0: Called Strike
0-1: Swinging Strike
0-2: Strikes out looking
Batting: RHB James Boynton 0-0: Ball
1-0: Ground out 5-3 (Groundball, 56S, EV 74.4 MPH)
Batting: LHB David Bramble 0-0: Called Strike
0-1: Swinging Strike
0-2: Ball
1-2: Strikes out looking
Bottom of the 8th over - 0 runs, 0 hits, 0 errors, 0 left on base; Baltimore 1 - New York 5
TOP OF THE 9TH
Baltimore Orioles batting - Pitching for New York Yankees : RHP Chris McCoy
Pitching: LHP Robert Cruz
Batting: SHB Robert Handy 0-0: Called Strike
0-1: Ball
1-1: Swinging Strike
1-2: Strikes out looking
Batting: LHB Bob Melley 0-0: Ball
1-0: Foul Ball, location: 2F
1-1: SINGLE (Line Drive, 89M, EV 88.1 MPH)
Batting: LHB Paul Diaz 0-0: Called Strike
0-1: Ball
1-1: Foul Ball, location: 2F
1-2: Strikes out swinging
Batting: LHB Jesus Lozano 0-0: Ball
1-0: Foul Ball, location: 2F
1-1: Foul Ball, location: 2F
1-2: Strikes out swinging
Top of the 9th over - 0 runs, 1 hit, 0 errors, 1 left on base; Baltimore 1 - New York 5
Tuesday, September 13th , 2022 - OOTP Baseball 23.7 Build 88